 Dungeon Crawl Stone Soup version 0.18-a0-1350-g404b4cb (webtiles) character file.

8699 Duffy the Martial Artist (level 11, 0/68 HPs)
             Began as a Tengu Monk on Feb 18, 2016.
             Was the Champion of Cheibriados.
             Killed from afar by an electric eel (10 damage)
             ... with a bolt of electricity
             ... on level 1 of the Lair of Beasts.
             The game lasted 00:14:37 (10667 turns).

Duffy the Martial Artist (Tengu Monk)              Turns: 10667, Time: 00:14:37

Health: 0/68       AC: 13    Str: 26    XL:     11   Next: 35%
Magic:  17/17      EV: 14    Int: 25    God:    Cheibriados [******]
Gold:   541        SH:  0    Dex: 36    Spells: 1 memorised, 4 levels left

rFire  . . .     SeeInvis .       - Unarmed
rCold  + + .     Gourm    .     r - +3 chain mail {rC+}
rNeg   . . .     Faith    .     (no shield)
rPois  .         Spirit   .     (helmet restricted)
rElec  .         Dismiss  .     c - +0 cloak
rCorr  .         Reflect  .     C - +0 pair of gloves
SustAt .         Harm     .     (boots unavailable)
MR     .....                    E - amulet of regeneration
Stlth  ..........               B - ring of protection from cold
                                (no ring)

@: very slow, not resistant to hostile enchantments, extremely unstealthy
A: beak, talons 3, able to fly 1
a: Fly, Bend Time, Temporal Distortion, Slouch, Step From Time, Renounce
Religion


You were on level 1 of the Lair of Beasts.
You worshipped Cheibriados.
Cheibriados was exalted by your worship.
You were not hungry.

You visited 3 branches of the dungeon, and saw 12 of its levels.
You also visited: Sewer.

You collected 541 gold pieces.


Innate Abilities, Weirdness & Mutations

You have a beak for a mouth.
You have claws for feet.
You can fly.


   Skills:
 + Level 8.2 Fighting
 - Level 5.7 Dodging
 - Level 2.0 Stealth
 - Level 14.2 Unarmed Combat
 + Level 6.8 Invocations


You had 4 spell levels left.
You knew the following spells:

 Your Spells              Type           Power        Failure   Level  Hunger
a - Statue Form           Trmt/Erth      #........    100%        6    #######

Inventory:

Hand Weapons
 H - a +1 blowgun
Missiles
 j - 66 poisoned needles
 u - a throwing net (quivered)
Armour
 c - a +0 cloak (worn)
 r - a +3 chain mail of cold resistance (worn)
 x - a -2 leather armour
 C - a +0 pair of gloves (worn)
Jewellery
 d - an uncursed ring of protection from magic {unknown}
 t - an uncursed ring of magical power
 B - a ring of protection from cold (right hand)
 E - an amulet of regeneration (around neck)
 G - an uncursed ring of poison resistance {unknown}
 I - an uncursed ring of ice {unknown}
Wands
 F - a wand of digging (5/24)
Scrolls
 e - 3 scrolls of enchant weapon
 f - 2 scrolls of remove curse
 k - 2 scrolls of blinking
 l - 2 scrolls of random uselessness
 o - 2 scrolls of enchant armour
 A - 2 scrolls of fear
 K - 2 scrolls of teleportation
 N - a scroll of silence
 O - a scroll of vulnerability {unknown}
Potions
 a - 2 potions of degeneration {unknown}
 i - 4 potions of curing
 m - a potion of might
 n - a potion of agility {unknown}
 z - a potion of heal wounds
Books
 g - a book of Annihilations
 v - a Fen Folio
 D - a Fen Folio
 L - a book of Transfigurations
Comestibles
 b - 12 bread rations
 h - a chunk of flesh
 p - 4 beef jerkies
 q - 5 meat rations
 w - 5 fruits
 J - 5 royal jellies

Dungeon Overview and Level Annotations

Branches:
Dungeon (10/15)            Temple (1/1) D:5            Lair (1/8) D:9
    Orc: D:9-12

Altars:
Ashenzari
Cheibriados
Dithmenos
Elyvilon
Fedhas
Gozag
Kikubaaqudgha
Makhleb
Nemelex Xobeh
Okawaru
Pakellas
Qazlal
Ru
Sif Muna
Trog
Vehumet
Xom
Yredelemnul
Zin
The Shining One

Shops:
D:6 :


Message History

The electric eel shoots out a bolt of lightning at you!
The bolt of electricity hits the plant.
The bolt of electricity misses you.
The electric eel shoots out a bolt of lightning at you!
The bolt of electricity hits the plant.
The bolt of electricity misses you.
The electric eel shoots out a bolt of lightning at you!
The bolt of electricity hits the plant.
The plant is destroyed!
The bolt of electricity hits you!
The electric eel shoots out a bolt of lightning at you!
The bolt of electricity hits you! 4 sheep come into view.
The sheep bellows! x3
The sheep moves out of view.
The sheep barely misses you.
A sheep comes into view.
You punch the sheep!
You kill the sheep!
Cheibriados thoroughly appreciates the change of pace.
The sheep bites you!
You see here a sheep corpse.
You barely miss the electric eel. Your kick misses the electric eel.
You peck the electric eel, but do no damage.
You hear the brisk ticking of a very distant clock.
The sheep closely misses you.
The electric eel shoots out a bolt of lightning at you!
The bolt of electricity hits you! x2
The bolt of electricity hits the electric eel.
The electric eel completely resists.
A sheep comes into view.
The sheep bellows!
You hit the electric eel. Your kick misses the electric eel.
The electric eel is moderately wounded.
The sheep bites you but does no damage.
The electric eel shoots out a bolt of lightning at you!
The bolt of electricity hits you!
You die...

***,,,,,#...##.....#,.##
****
*,,**,,,*#...#.....#..#
*,**
*,***,,,**#...........#
****,,* ***
**,.,*##..##......#**,,,***
*,..,#P.....####...,,,**
**7..#..#...# **#..****
***~~~~~~PP...# *,*##*
***~~~P~~P~~P..## **,,*
**~~~~~~P~P~~;@.# ***,,*
*~~~~~~~~P~~~~YY#**,,,,***
*~~~~~~~~~~P..Y.).,,,*,,,*
*~~~~~~~~P~~..Y..Y..,,*,,**
*~~~~~~~~~P~PP..##Y...*,,,*
**~~~~~~~P~P~....,....,,***
**~~~~~~P~~PP...,,...***
*~~~~P~~~~~~....,,##* ****
***~~~~~~~~~,,,,,** *,,*


You could see 6 sheep and an electric eel.

Action                   |  1- 3 |  4- 6 |  7- 9 | 10-12 || total
-------------------------+-------+-------+-------+-------++-------
Melee: Unarmed           |    71 |   216 |   339 |   216 ||   842
Throw: Throwing net      |       |       |     1 |       ||     1
Invok: Slouch            |       |       |       |     1 ||     1
 Abil: Fly               |       |       |     1 |       ||     1
  Use: Scroll            |       |       |     9 |     8 ||    17
       Potion            |       |       |       |     4 ||     4
 Stab: Sleeping          |     6 |       |       |       ||     6
       Held in net/web   |       |       |     2 |       ||     2
       Distracted        |       |       |       |     1 ||     1
  Eat: Chunk             |     2 |     9 |     8 |     1 ||    20
       Royal jelly       |       |       |       |     2 ||     2

Notes
Turn   | Place    | Note
--------------------------------------------------------------
     0 | D:1      | Duffy the Tengu Monk began the quest for the Orb.
     0 | D:1      | Reached XP level 1. HP: 14/14 MP: 2/2
   229 | D:1      | Reached XP level 2. HP: 17/19 MP: 3/3
   299 | D:1      | Reached skill level 5 in Unarmed Combat
   667 | D:1      | Reached XP level 3. HP: 21/23 MP: 4/4
  1739 | D:2      | Reached skill level 6 in Unarmed Combat
  1739 | D:2      | Reached XP level 4. HP: 28/28 MP: 5/5
  1755 | D:2      | Noticed Terence
  1961 | D:2      | Killed Terence
  2454 | D:3      | Gained mutation: You can fly. [Tengu growth]
  2454 | D:3      | Reached XP level 5. HP: 26/32 MP: 6/6
  2578 | D:3      | Found a white marble altar of Elyvilon.
  2578 | D:3      | Found a basalt altar of Yredelemnul.
  2593 | D:3      | Found an iron altar of Okawaru.
  2595 | D:3      | Found an opulent altar of Gozag.
  2595 | D:3      | Found a deep blue altar of Sif Muna.
  2685 | D:3      | Reached skill level 7 in Unarmed Combat
  3793 | D:4      | Reached XP level 6. HP: 37/37 MP: 7/7
  3852 | D:4      | Found a glowing drain.
  3856 | Sewer    | Entered a sewer
  3878 | Sewer    | Reached skill level 8 in Unarmed Combat
  4284 | Sewer    | Found a glowing silver altar of Zin.
  4385 | D:4      | Reached XP level 7. HP: 37/41 MP: 8/8
  4516 | D:4      | Reached skill level 9 in Unarmed Combat
  4839 | D:4      | Noticed Slowtrain's ghost (amateur GrTm)
  4857 | D:4      | Killed Slowtrain's ghost
  4960 | D:4      | Reached skill level 10 in Unarmed Combat
  5017 | D:5      | Entered Level 5 of the Dungeon
  5049 | D:5      | Noticed Sigmund
  5057 | D:5      | Killed Sigmund
  5057 | D:5      | Reached XP level 8. HP: 44/46 MP: 9/9
  5080 | D:5      | Reached skill level 11 in Unarmed Combat
  5244 | D:5      | Found a shattered altar of Ashenzari.
  5270 | D:5      | Found a staircase to the Ecumenical Temple.
  5279 | Temple   | Entered the Ecumenical Temple
  5288 | Temple   | Became a worshipper of Cheibriados the Contemplative
  5288 | Temple   | Reached * piety under Cheibriados
  5288 | Temple   | Reached ** piety under Cheibriados
  6212 | D:6      | Noticed Grinder
  6214 | D:6      | Paralysed by Grinder for 6 turns
  6289 | D:6      | Paralysed by Grinder for 7 turns
  6303 | D:6      | Killed Grinder
  6583 | D:6      | Reached skill level 12 in Unarmed Combat
  6619 | D:6      | Found Xuytyiph's Book Emporium.
  6777 | D:6      | Reached *** piety under Cheibriados
  6805 | D:5      | Reached skill level 4 in Fighting
  6805 | D:5      | Reached XP level 9. HP: 40/52 MP: 10/10
  7014 | D:7      | Reached skill level 4 in Dodging
  7359 | D:7      | Reached skill level 5 in Fighting
  7604 | D:8      | Noticed Duffy's ghost (amateur MiFi)
  7613 | D:8      | Reached **** piety under Cheibriados
  8147 | D:9      | Noticed Pikel
  8161 | D:9      | Killed Pikel
  8161 | D:9      | Reached skill level 6 in Fighting
  8161 | D:9      | Reached skill level 5 in Dodging
  8251 | D:9      | Reached skill level 13 in Unarmed Combat
  8368 | D:8      | Reached XP level 10. HP: 58/61 MP: 11/11
  8370 | D:8      | Reached ***** piety under Cheibriados
  8377 | D:8      | Reached skill level 1 in Invocations
  8396 | D:8      | Reached skill level 2 in Invocations
  8552 | D:8      | Killed Duffy's ghost
  8552 | D:8      | Reached skill level 3 in Invocations
  8917 | D:8      | Reached skill level 4 in Invocations
  9387 | D:9      | Noticed a green ugly thing
  9396 | D:9      | Killed a green ugly thing
  9396 | D:9      | Reached skill level 14 in Unarmed Combat
  9520 | D:9      | Reached skill level 5 in Invocations
  9603 | D:9      | Learned a level 6 spell: Statue Form
  9715 | D:9      | Found a staircase to the Lair.
  9808 | D:10     | Entered Level 10 of the Dungeon
  9870 | D:10     | Found a deep blue altar of Sif Muna.
  9960 | D:10     | Noticed a hill giant
  9969 | D:10     | Killed a hill giant
  9969 | D:10     | Reached skill level 7 in Fighting
  9969 | D:10     | Reached XP level 11. HP: 63/67 MP: 14/16
 10209 | D:10     | Reached skill level 6 in Invocations
 10304 | D:10     | Reached ****** piety under Cheibriados
 10580 | Lair:1   | Entered Level 1 of the Lair of Beasts
 10603 | Lair:1   | Noticed Erica
 10617 | Lair:1   | Killed Erica
 10617 | Lair:1   | Reached skill level 8 in Fighting
 10667 | Lair:1   | Killed from afar by an electric eel

Vault maps used:
D:1:      evilmike_arrival_plus, serial_bayou_ford_a
D:2:      kennysheep_big_flooded_room, uniq_terence
D:3:      grunt_temple_overflow_open, first_bread, serial_park_tiny_2,
          minmay_distorted
D:4:      gup_sewer_entry_bowl
D:5:      lemuel_doored_altar, minmay_temple_entry_overgrown, uniq_sigmund
D:6:      serial_shops, shop_fountains, uniq_grinder
D:7:      grunt_ministairs_8
D:8:      david_nohive_1
D:9:      lair_0_dummy, uniq_pikel
D:10:     nicolae_lava_and_water, lemuel_blue_sif_altar
Temple:   chambers_temple_14
Lair:1:   lab_entry_generic, beast_lair_carwin_3, grunt_megastairs_1,
          serial_bayou_shore_a, infiniplex_staircase_pool_2, uniq_joseph,
          uniq_erica
Sewer:    sewer_kobolds

Vanquished Creatures
  Erica Pikel
  A hill giant
  An ugly thing
  A queen bee
  The ghost of Duffy the Cleaver, an amateur MiFi Grinder
  The ghost of Slowtrain the Ruffian, an amateur GrTm Sigmund
  5 yaks
  2 wyverns
  2 vampire mosquitoes
  A soldier ant
  A porcupine
  5 orc warriors
  2 ice beasts
  2 slaves
  A phantom
  2 ogres
  A necrophage
  A centaur
  A crocodile
  2 big kobolds
  2 giant frogs
  A wyvern skeleton
  A scorpion
  22 killer bees
  An electric eel
  5 wights
  2 crimson imps
  A centaur zombie
  A quasit
  A jelly
  7 orc priests
  7 orc wizards
  4 hounds
  4 centaur skeletons
  A giant frog skeleton Terence
  5 iguanas
  4 worker ants
  A sheep
  3 worker ant zombies
  12 adders
  3 gnolls
  5 river rats
  2 shadow imps
  3 oozes
  2 adder skeletons
  2 worms
  6 giant geckos
  47 orcs
  3 ball pythons
  7 giant cockroaches
  6 hobgoblins
  17 jackals
  10 quokkas
  8 bats
  A giant gecko zombie
  5 giant newts
  7 goblins
  A jackal skeleton
  5 kobolds
  2 quokka skeletons
  12 rats
  A plant
278 creatures vanquished.
